 Dungeon Crawl Stone Soup version 0.25.1-1-g288607f5aa (webtiles) character file.

Game seed: 14465275516479027320

998 Descartes the Ruffian (level 8, -1/70 HPs)
             Began as a Troll Hunter on July 22, 2020.
             Was a Believer of Elyvilon.
             Shot with an arrow by a centaur (3 damage)
             ... on level 5 of the Dungeon.
             The game lasted 00:08:56 (3720 turns).

Descartes the Ruffian (Troll Hunter)                Turns: 3720, Time: 00:08:56

Health: -1/70      AC:  6    Str: 21    XL:     8   Next: 0%
Magic:  7/7        EV:  9    Int: 13    God:    Elyvilon [**....]
Gold:   206        SH:  5    Dex: 12    Spells: 7/7 levels left

rFire    . . .     SeeInvis .   (no weapon)
rCold    . . .     Gourm    +   (no shield)
rNeg     . . .     Faith    .   h - +0 animal skin
rPois    .         Spirit   .   (helmet restricted)
rElec    .         Reflect  +   (no cloak)
rCorr    .         Harm     .   (gloves unavailable)
MR       .....                  (boots unavailable)
Stlth    +.........             q - amulet of reflection
HPRegen  0.61/turn              e - +6 ring of intelligence
MPRegen  0.10/turn              u - ring of flight

@: extremely drained
A: large, unfitting armour, claws 3, fast metabolism 3, gourmand, regeneration
1, shaggy fur 1, tough skin 3
a: Lesser Healing, Heal Other, Divine Protection, Renounce Religion, Evoke
Flight


You were on level 5 of the Dungeon.
You worshipped Elyvilon.
Elyvilon was pleased with you.
You were not hungry.

You visited 1 branch of the dungeon, and saw 5 of its levels.

You collected 206 gold pieces.

Inventory:

Missiles
 c - 5 large rocks (quivered)
 d - 2 throwing nets
 g - 82 stones
 s - 16 poisoned darts
 w - 31 arrows
Armour
 h - a +0 animal skin (worn)
Jewellery
 e - a +6 ring of intelligence (left claw)
 q - an amulet of reflection (around neck)
 u - a ring of flight (right claw)
Wands
 b - a wand of digging (3)
Scrolls
 j - 2 scrolls of amnesia {unknown}
 k - 5 scrolls of remove curse
 l - 4 scrolls of teleportation {unknown}
 n - 2 scrolls of identify {unknown}
 p - a scroll of brand weapon {unknown}
 r - a scroll of enchant armour {unknown}
Potions
 a - a potion of stabbing {unknown}
 i - a potion of ambrosia {unknown}
 m - a potion of berserk rage {unknown}
 o - a potion of mutation {unknown}
 t - 2 potions of haste
Comestibles
 f - 9 rations


   Skills:
 - Level 1.5(0.0) Fighting
 - Level 3.6(0.0) Throwing
 + Level 5.6(0.0) Dodging
 - Level 0.3(0.0) Stealth
 + Level 6.3(0.0) Unarmed Combat


You had 7 spell levels left.
You didn't know any spells.
Your spell library was empty.

Dungeon Overview and Level Annotations

Branches:
Dungeon (5/15)
 Temple: D:4-7

Altars:
Dithmenos
Elyvilon
Qazlal
The Shining One


Innate Abilities, Weirdness & Mutations

You are too large for most types of armour.
You have claws for hands.
Your metabolism is lightning-fast.
You like to eat raw meat.
Your natural rate of healing is unusually fast.
You are covered in fur. (AC +1)
You have extremely tough skin. (AC +3)


Message History

The arrow barely misses you.
You see here an arrow.
The centaur shoots an arrow.
The arrow hits you!
* * * LOW HITPOINT WARNING * * *
You see here an arrow.
The centaur shoots an arrow.
The arrow hits you.
* * * LOW HITPOINT WARNING * * *
You see here an arrow.
There is an open door here.
You claw the ogre!
The ogre is almost dead.
The ogre hits you with a +0 giant club!
* * * LOW HITPOINT WARNING * * *
You scratch the ogre.
You kill the ogre!
You have reached level 8!
The centaur shoots an arrow.
You reflect the arrow off an invisible shield around you!
The arrow hits the centaur!
The centaur shoots an arrow.
The arrow hits you.
You die...

.....##..##......[...
#...##..##..........
#...##..#...........
##.......'...........
#........#...........
+....######....##....
#....## ###### ....
#.....# .# ##..@##
..# #####)##...#
#..(.c.....#
#....(##..## ##...(#
.# #.(..# .. #...(#
.. ...............
...............


You could see a centaur.

Vanquished Creatures
  Sigmund (D:2)
  Edmund (D:3)
  Duvessa (D:4)
  2 ogres
  A centaur (D:5)
  Dowan (D:4)
  A crimson imp (D:4)
  Ijyb (D:4)
  2 worker ants
  An orc wizard (D:4)
  A hound skeleton (D:5)
  Robin (D:2)
  3 adders
  2 oozes
  2 adder skeletons (D:4)
  3 worms
  4 dart slugs
  5 leopard geckos
  7 orcs
  3 ball pythons
  5 giant cockroaches
  13 hobgoblins
  2 jackals (D:1)
  A quokka (D:2)
  7 bats
  2 frilled lizards
  13 goblins
  3 goblin skeletons (D:4)
  A goblin zombie (D:4)
  6 kobolds
  2 kobold zombies (D:4)
  An orc skeleton (D:4)
  An orc zombie (D:4)
  12 rats
112 creatures vanquished.

Vanquished Creatures (others)
  An orc wizard (D:5)
1 creature vanquished.

Grand Total: 113 creatures vanquished

Notes
Turn   | Place    | Note
-------+----------+-------------------------------------------
     0 | D:1      | Descartes the Troll Hunter began the quest for the Orb.
     0 | D:1      | Reached XP level 1. HP: 19/19 MP: 0/0
   156 | D:1      | Reached skill level 1 in Unarmed Combat
   189 | D:1      | Reached XP level 2. HP: 27/27 MP: 1/1
   396 | D:1      | Reached XP level 3. HP: 29/33 MP: 2/2
   738 | D:2      | Reached skill level 2 in Unarmed Combat
   896 | D:2      | Found a white marble altar of Elyvilon.
   984 | D:2      | Noticed Robin
  1008 | D:2      | Killed Robin
  1008 | D:2      | Reached XP level 4. HP: 10/41 MP: 3/3
  1413 | D:2      | Noticed Sigmund
  1420 | D:2      | Killed Sigmund
  1420 | D:2      | Reached skill level 3 in Unarmed Combat
  1420 | D:2      | Reached XP level 5. HP: 48/48 MP: 4/4
  1509 | D:2      | Became a worshipper of Elyvilon the Healer
  1645 | D:3      | Reached skill level 4 in Unarmed Combat
  1729 | D:3      | Reached XP level 6. HP: 53/55 MP: 5/5
  1837 | D:3      | Found a stormy altar of Qazlal.
  1909 | D:3      | Found a shadowy altar of Dithmenos.
  2109 | D:4      | Found a glowing golden altar of the Shining One.
  2167 | D:4      | Reached * piety under Elyvilon
  2169 | D:4      | Noticed Ijyb
  2180 | D:4      | Killed Ijyb
  2240 | D:4      | Noticed Duvessa
  2242 | D:4      | Noticed Dowan
  2256 | D:4      | Killed Duvessa
  2266 | D:4      | Killed Dowan
  2266 | D:4      | Reached skill level 5 in Unarmed Combat
  2266 | D:4      | Reached XP level 7. HP: 21/62 MP: 6/6
  2750 | D:4      | Noticed Edmund
  2779 | D:4      | HP: 3/62 [Edmund/+2 flail of draining (2)]
  2821 | D:3      | HP: 3/62 [Edmund/+2 flail of draining (2)]
  2877 | D:3      | HP: 3/62 [Edmund/+2 flail of draining (2)]
  3009 | D:3      | Killed Edmund
  3009 | D:3      | Reached skill level 5 in Dodging
  3232 | D:4      | Reached ** piety under Elyvilon
  3396 | D:5      | Entered Level 5 of the Dungeon
  3468 | D:5      | HP: 2/62 [centaur (5)]
  3584 | D:5      | Reached skill level 6 in Unarmed Combat
  3719 | D:5      | HP: 1/62 [ogre/+0 giant club (10)]
  3720 | D:5      | Reached XP level 8. HP: 2/70 MP: 7/7
  3720 | D:5      | Shot with an arrow by a centaur

Illustrated notes

Levels and vault maps discovered:
D:1:      dpeg_arrival_leaves_temple_mockup, layout_basic
D:2:      layout_loops_ring, elyvilon_altar_5, nrook_mini_vaults, uniq_sigmund,
          uniq_robin
D:3:      layout_rooms, minitemple
D:4:      layout_cave_pods, nicolae_tso_besieged_by_evil, first_ration,
          uniq_duvessa, uniq_edmund, uniq_ijyb
D:5:      layout_gridville, grunt_temple_overflow_magic_moments,
          nicolae_overflow_hidden_temple

Skill      XL: |  1  2  3  4  5  6  7 |
---------------+----------------------+-----
Unarmed Combat | 1 2 3 4 5 6 |  6.3
Dodging        | 2 3 4 5 |  5.6
Fighting       | |  1.5
Throwing       | |  3.6
Stealth        | |  0.3

Action                   |  1- 3 |  4- 6 |  7- 9 || total
-------------------------+-------+-------+-------++-------
Melee: Unarmed           |   110 |   107 |   177 ||   394
       Short sword       |     5 |       |       ||     5
       Punch             |     1 |     1 |     1 ||     3
Throw: Large rock        |       |     1 |       ||     1
  Use: Scroll            |       |     1 |       ||     1
       Potion            |       |       |     2 ||     2
 Stab: Sleeping          |     1 |       |       ||     1
  Eat: Chunk             |    15 |    11 |     9 ||    35
Armor: Robe              |    40 |     2 |       ||    42
       Animal skin       |       |    28 |    45 ||    73
Dodge: Dodged            |    55 |    43 |    95 ||   193
Block: Other             |       |    12 |    43 ||    55
       Reflection        |       |       |     3 ||     3
